 Dungeon Crawl Stone Soup version 0.23-a0-402-g64599a1 (webtiles) character file.

48685 ozpin88 the Basher (level 14, -20/88 HPs)
             Began as a Gargoyle Berserker on Nov 4, 2018.
             Was an Elder of Trog.
             Demolished by a white very ugly thing (52 damage)
             ... on level 1 of the Depths.
             The game lasted 01:38:05 (19466 turns).

ozpin88 the Basher (Gargoyle Berserker)            Turns: 19466, Time: 01:38:05

Health: -20/88     AC: 34    Str: 28    XL:     14   Next: 47%
Magic:  15/15      EV: 11    Int: 13    God:    Trog [****..]
Gold:   1722       SH:  3    Dex: 16    Spells: 13/13 levels left

rFire    . . .     SeeInvis +   Q - +2 executioner's axe (elec)
rCold    . . .     Gourm    .   (shield currently unavailable)
rNeg     + . .     Faith    .   T - +1 plate armour
rPois    ∞         Spirit   .   K - +0 helmet
rElec    +         Reflect  +   n - +0 cloak of Light {Int+4 Dex+7}
rCorr    .         Harm     .   H - +0 pair of gloves
MR       +++..                  O - +1 pair of boots
Stlth    ..........             D - +3 amulet of reflection
HPRegen  1.24/turn              B - ring of see invisible
MPRegen  0.14/turn              C - +3 ring of strength

@: berserk cooldown, flying, regenerating, slowed, very slow
A: big wings, negative energy resistance 1, electricity resistance, unbreathing,
petrification resistance, rot immunity, AC +10
a: Stop Flying, Berserk, Trog's Hand, Brothers in Arms, Renounce Religion


You were on level 1 of the Depths.
You worshipped Trog.
Trog was greatly pleased with you.
You were hungry.

You visited 4 branches of the dungeon, and saw 18 of its levels.

You collected 2322 gold pieces.
You spent 600 gold pieces at shops.

Inventory:

Hand Weapons
 l - a +4 demon trident of flaming
 Q - a +2 executioner's axe of electrocution (weapon)
 S - a +3 great mace of crushing
Missiles
 N - 5 tomahawks (quivered)
Armour
 n - the +0 cloak of Light (worn) {Int+4 Dex+7}
   (You found it on level 15 of the Dungeon)

   It affects your intelligence (+4).
   It affects your dexterity (+7).
 H - a +0 pair of gloves (worn)
 K - a +0 helmet (worn)
 O - a +1 pair of boots (worn)
 T - a +1 plate armour (worn)
 V - a +0 shield
Jewellery
 B - a ring of see invisible (left hand)
 C - a +3 ring of strength (right hand)
 D - a +3 amulet of reflection (around neck)
 W - a cursed ring of teleportation
Wands
 k - a wand of flame (13)
 A - a wand of disintegration (11)
 G - a wand of scattershot (4)
 I - a wand of acid (12)
 J - a wand of random effects (16)
 U - a wand of clouds (8)
 Y - a wand of digging (8)
 Z - a wand of iceblast (5)
Scrolls
 g - 3 scrolls of amnesia
 p - 9 scrolls of teleportation
 u - 2 scrolls of holy word
 v - 5 scrolls of remove curse
 w - 3 scrolls of magic mapping
 E - 5 scrolls of identify
Potions
 b - 5 potions of brilliance
 d - 2 potions of flight
 e - a potion of berserk rage
 h - 3 potions of lignification
 j - a potion of experience {unknown}
 q - a potion of might
 r - 2 potions of magic
 F - 2 potions of degeneration
Miscellaneous
 P - a lamp of fire
Comestibles
 c - 7 rations


   Skills:
 + Level 10.9 Fighting
 + Level 5.2(10.6) Axes
 + Level 13.8(15.0) Maces & Flails
 + Level 5.9(8.7) Polearms
   Level 8.9(13.0) Staves
 + Level 0.1 Throwing
 + Level 12.1 Armour
 + Level 4.6 Dodging
 + Level 4.1 Stealth
 + Level 5.3 Shields
 + Level 1.3 Evocations


You had 13 spell levels left.
You didn't know any spells.
Your spell library contained the following spells:

 Spells                   Type           Power        Failure   Level  Hunger
 Apportation              Tloc           #.....       91%         1    ##.....
 Pain                     Necr           #...         91%         1    ##.....
 Summon Butterflies       Summ           #.......     91%         1    ##.....
 Summon Small Mammal      Summ           #...         91%         1    ##.....
 Call Imp                 Summ           #.......     97%         2    ###....
 Shroud of Golubria       Chrm/Tloc      #.........   97%         2    ###....
 Call Canine Familiar     Summ           #.......     100%        3    ####...
 Lesser Beckoning         Tloc           #.........   100%        3    ####...
 Summon Guardian Golem    Hex/Summ       #.......     100%        3    ####...
 Tukima's Dance           Hex            #.......     100%        3    ####...
 Force Lance              Conj/Tloc      #.......     100%        4    #####..
 Summon Ice Beast         Ice/Summ       #.......     100%        4    #####..
 Summon Lightning Spire   Summ/Air       #.......     100%        4    #####..
 Alistair's Intoxication  Tmut/Pois      #.......     100%        5    ######.
 Bolt of Draining         Conj/Necr      #.........   100%        5    ######.
 Excruciating Wounds      Chrm/Necr      #.........   100%        5    ######.
 Invisibility             Hex            #.......     100%        6    #######
 Sublimation of Blood     Necr           Unusable     N/A         2    N/A

Dungeon Overview and Level Annotations

Branches:
Dungeon (15/15)            Temple (1/1) D:6            Lair (0/6) D:9
    Orc (1/2) D:10         Vaults (0/5) D:14         Depths (1/5) D:15

Altars:
Dithmenos
Elyvilon
Gozag
Nemelex Xobeh
Okawaru
Qazlal
Ru
Uskayaw
Wu Jian
Yredelemnul
Zin
The Shining One
Beogh

Shops:
D:14 *   Orc:1 *


Innate Abilities, Weirdness & Mutations

You are resistant to torment.
Your stone body is resilient. (AC +10)
You are immune to poison.
Your large and strong wings let you fly indefinitely.
You resist negative energy. (rN+)
You are resistant to electric shocks. (rElec)
You can survive without breathing.
You are immune to petrification.
You are immune to rotting.


Message History

The white very ugly thing closely misses you.
The ogre misses you. The two-headed ogre misses you.
The two-headed ogre closely misses you.
You slash the red ugly thing!
The red ugly thing is moderately wounded.
You hit the white very ugly thing but do no damage.
Lightning courses through the white very ugly thing!
You slash the red very ugly thing! You hit the two-headed ogre.
Lightning courses through the two-headed ogre!
You kill the two-headed ogre!
Trog accepts your kill.
You slash the two-headed ogre! You slash the ogre!
The red ugly thing barely misses you. The ogre closely misses you.
The white very ugly thing barely misses you.
The red ugly thing claws you but does no damage.
The two-headed ogre hits you with a +0 giant spiked club!
The two-headed ogre closely misses you. The white very ugly thing kicks you!
The white very ugly thing freezes you!!!
Ouch! That really hurt!
You die...

############+###
...............#
.......OO......#
.......u@......#
......)uu).....#
...............#
...............#
...............#
###...........##
#...≈≈≈≈≈...+
+...≈###≈...#


You could see 2 very ugly things, a red ugly thing, a two-headed ogre and an
ogre.

Vanquished Creatures
  Rupert (D:12)
  Frances (D:13)
  A ghost moth (shapeshifter) (D:15)
  A very ugly thing (D:15)
  3 spark wasps (D:15)
  Josephine (D:10)
  A vault guard (D:14)
  An ice dragon (D:15)
  2 hydras (D:14)
  9 two-headed ogres
  The ghost of Umoon the Prestidigitator, a novice DDAr of Nemelex Xobeh (D:9)
  2 centaur warriors
  An ogre mage (Depths:1)
  A tengu warrior (D:13)
  Sonja (D:12)
  4 unseen horrors
  Pikel (D:4)
  A necromancer (D:15)
  An orc knight (D:15)
  A wolf spider zombie (D:15)
  2 deep elf magi
  2 manticores (D:14)
  A harpy (shapeshifter) (D:14)
  An ugly thing (D:11)
  7 cyclopes
  4 centaur zombies
  Psyche (D:8)
  3 gargoyles
  3 centaur skeletons
  A meliai (shapeshifter) (D:13)
  3 meliai (D:14)
  3 trolls
  7 slime creatures (D:13)
  A harpy skeleton (D:15)
  4 hippogriffs
  7 wraiths
  Eustachio (D:4)
  A basilisk (D:9)
  5 wyverns
  A spriggan (D:8)
  A hungry ghost (D:14)
  2 vampire mosquitoes (D:14)
  4 yaks (D:14)
  A neqoxec (D:9)
  A warg (shapeshifter) (D:15)
  2 soldier ants
  An acid dragon (D:15)
  Duvessa (D:4)
  A water moccasin (D:8)
  3 porcupines (D:9)
  6 orc warriors
  A black bear (D:9)
  2 necrophages
  2 phantoms
  A sky beast (D:14)
  5 eyes of draining
  5 ogres
  8 centaurs
  4 wolves (D:9)
  4 crocodiles
  8 bullfrogs
  2 big kobolds
  Dowan (D:4)
  9 scorpions
  2 hornet simulacra (D:15)
  13 killer bees
  3 wights (D:8)
  11 howler monkeys
  7 crimson imps
  4 quasits
  2 bullfrog zombies (D:12)
  A jelly (D:9)
  13 orc priests
  6 hounds
  4 bullfrog skeletons
  A gnoll shaman (D:6)
  Crazy Yiuf (D:4)
  Jessica (D:2)
  7 worker ants
  4 iguanas
  12 orc wizards
  A killer bee zombie (D:9)
  A worker ant zombie (D:9)
  16 adders
  5 gnolls
  4 shadow imps
  An adder skeleton (D:7)
  3 worms
  4 dart slugs
  A leopard gecko (D:9)
  45 orcs
  2 ball pythons
  8 bats
  A giant cockroach (D:2)
  5 goblins
  12 hobgoblins
  7 jackals
  11 kobolds
  4 quokkas
  4 frilled lizards
  3 rats
398 creatures vanquished.

Vanquished Creatures (others)
  A kobold (D:12)
  3 fungi (D:9)
  4 plants (D:9)
8 creatures vanquished.

Grand Total: 406 creatures vanquished

Notes
Turn   | Place    | Note
-------+----------+-------------------------------------------
     0 | D:1      | ozpin88 the Gargoyle Berserker began the quest for the Orb.
     0 | D:1      | Reached XP level 1. HP: 14/14 MP: 1/1
   162 | D:1      | Reached XP level 2. HP: 11/19 MP: 2/2
   716 | D:1      | Reached XP level 3. HP: 24/24 MP: 3/3
  1211 | D:2      | Noticed Jessica
  1215 | D:2      | Killed Jessica
  1215 | D:2      | Reached XP level 4. HP: 29/29 MP: 4/4
  1257 | D:2      | Reached skill level 4 in Maces & Flails
  1274 | D:2      | Reached ** piety under Trog
  1638 | D:2      | Found a glowing golden altar of the Shining One.
  1829 | D:3      | Reached XP level 5. HP: 32/33 MP: 5/5
  2563 | D:4      | Noticed a dagger
  2564 | D:4      | Noticed a hand axe
  2567 | D:4      | Found a hide-covered altar of Uskayaw.
  2708 | D:4      | Reached skill level 5 in Maces & Flails
  2763 | D:4      | Noticed a phantom
  2796 | D:4      | Killed a phantom
  2796 | D:4      | Reached XP level 6. HP: 32/38 MP: 6/6
  2804 | D:4      | Noticed Duvessa
  2810 | D:4      | Noticed Dowan
  2824 | D:4      | Reached *** piety under Trog
  2828 | D:4      | Killed Duvessa
  2828 | D:4      | Reached skill level 6 in Maces & Flails
  2828 | D:4      | Reached XP level 7. HP: 39/44 MP: 7/7
  2853 | D:4      | Killed Dowan
  3227 | D:4      | Found a runed door.
  3231 | D:4      | Noticed Crazy Yiuf
  3237 | D:4      | Killed Crazy Yiuf
  3576 | D:4      | Noticed Eustachio
  3589 | D:4      | Noticed Pikel
  3624 | D:4      | Killed Pikel
  3624 | D:4      | Reached skill level 5 in Fighting
  3624 | D:4      | Reached skill level 7 in Maces & Flails
  3624 | D:4      | Reached skill level 1 in Staves
  3624 | D:4      | Reached skill level 1 in Stealth
  3624 | D:4      | Reached XP level 8. HP: 25/49 MP: 8/8
  3648 | D:4      | Killed Eustachio
  3648 | D:4      | Reached skill level 5 in Armour
  3863 | D:5      | Entered Level 5 of the Dungeon
  4284 | D:5      | Found a sacrificial altar of Ru.
  4703 | D:6      | Reached XP level 9. HP: 54/54 MP: 9/9
  4949 | D:6      | Reached **** piety under Trog
  5095 | D:6      | Found a staircase to the Ecumenical Temple.
  5107 | Temple   | Entered the Ecumenical Temple
  5468 | D:7      | Reached skill level 5 in Staves
  6298 | D:8      | Noticed an unseen horror
  6310 | D:8      | Killed an unseen horror
  6310 | D:8      | Reached XP level 10. HP: 61/61 MP: 3/10
  6316 | D:8      | Identified the ring of the Tarantula {+Blink rN+}
  6316 | D:8      | Identified the +1 halberd of the Shore {holy, rElec rN++}
  6316 | D:8      | Noticed a centaur warrior
  6506 | D:8      | Killed a centaur warrior
  6510 | D:8      | Reached ***** piety under Trog
  6674 | D:8      | Identified the Handbook of Ghastly Translocation
  7059 | D:8      | Noticed Psyche
  7061 | D:8      | Paralysed by Psyche for 3 turns
  7077 | D:8      | Killed Psyche
  7077 | D:8      | Reached skill level 1 in Evocations
  7306 | D:8      | Reached skill level 1 in Shields
  7781 | D:8      | Reached skill level 1 in Polearms
  8022 | D:9      | Noticed Umoon's ghost (novice DDAr)
  8091 | D:9      | Found a transporter.
  8112 | D:9      | Found a transporter.
  8148 | D:9      | Killed Umoon's ghost
  8148 | D:9      | Reached XP level 11. HP: 57/67 MP: 11/11
  8235 | D:9      | Reached skill level 8 in Maces & Flails
  8455 | D:9      | Noticed a centaur warrior
  8474 | D:9      | Killed a centaur warrior
  8478 | D:9      | Found a staircase to the Lair.
  8851 | D:9      | HP: 4/102 [troll (6)]
  9485 | D:9      | Got a scintillating steel ring
  9487 | D:9      | Identified the ring "Naoc" {Wiz rC+ MR+} (You found it on
                  | level 9 of the Dungeon)
  9618 | D:9      | Noticed a two-headed ogre
  9624 | D:9      | Killed a two-headed ogre
  9908 | D:10     | Entered Level 10 of the Dungeon
 10267 | D:10     | Found a staircase to the Orcish Mines.
 10273 | Orc:1    | Entered Level 1 of the Orcish Mines
 10273 | Orc:1    | Noticed Josephine
 10290 | D:10     | Killed Josephine
 10290 | D:10     | Reached skill level 5 in Polearms
 10542 | Orc:1    | Received a gift from Trog
 10555 | Orc:1    | Found Derycemn's Assorted Antiques.
 10635 | Orc:1    | Bought a scroll labeled ZONKIUKIPT for 32 gold pieces
 10635 | Orc:1    | Bought a potion of might for 128 gold pieces
 10635 | Orc:1    | Bought a scroll of identify for 64 gold pieces
 10635 | Orc:1    | Bought a scroll labeled FOT QYMATECE for 32 gold pieces
 10644 | Orc:1    | Found a roughly hewn altar of Beogh.
 11434 | D:11     | Noticed an unseen horror
 11462 | D:11     | Killed an unseen horror
 11874 | D:11     | Noticed a brown ugly thing
 11889 | D:11     | Killed a brown ugly thing
 11889 | D:11     | Reached skill level 9 in Maces & Flails
 11889 | D:11     | Reached XP level 12. HP: 50/75 MP: 13/13
 12116 | D:11     | Reached skill level 10 in Armour
 12289 | D:11     | You fall through a shaft for 2 floors!
 12301 | D:13     | Noticed Frances
 12311 | D:13     | Killed Frances
 12443 | D:13     | Identified the +3 scale mail of the Present {rPois Int+2}
 12660 | D:13     | Reached skill level 10 in Maces & Flails
 12886 | D:12     | Noticed Rupert
 12887 | D:12     | Paralysed by Rupert for 4 turns
 12912 | D:12     | Killed Rupert
 13284 | D:12     | Reached skill level 11 in Maces & Flails
 13421 | D:12     | Noticed Sonja
 13437 | D:12     | Killed Sonja
 13579 | D:12     | Noticed a two-headed ogre
 13593 | D:12     | Killed a two-headed ogre
 13841 | D:12     | Noticed a two-headed ogre
 13854 | D:12     | Killed a two-headed ogre
 14224 | D:13     | Reached XP level 13. HP: 80/80 MP: 14/14
 14373 | D:13     | Received a gift from Trog
 14614 | D:13     | Reached skill level 12 in Maces & Flails
 14645 | D:13     | Received a gift from Trog
 15064 | D:14     | Found Ugeteq's Assorted Antiques.
 15078 | D:14     | Bought a long glass wand for 128 gold pieces
 15078 | D:14     | Bought a blue potion for 28 gold pieces
 15078 | D:14     | Bought a potion of heal wounds for 160 gold pieces
 15078 | D:14     | Bought a green potion for 28 gold pieces
 15142 | D:14     | Reached ****** piety under Trog
 15158 | D:15     | Entered Level 15 of the Dungeon
 15721 | D:14     | Reached skill level 13 in Maces & Flails
 15742 | D:14     | Reached skill level 10 in Fighting
 16000 | D:14     | Noticed a vault guard
 16005 | D:14     | Killed a vault guard
 16101 | D:14     | Found a gate to the Vaults.
 16519 | D:15     | Noticed an ice dragon
 16522 | D:15     | Noticed an ice dragon
 16533 | D:15     | HP: 2/82 [ice dragon/blast of cold (40)]
 16541 | D:15     | HP: 4/82 [acid (20)]
 16875 | D:15     | Received a gift from Trog
 17229 | D:15     | Reached skill level 1 in Axes
 17229 | D:15     | Gained mutation: Your large and strong wings let you fly
                  | indefinitely. [Gargoyle growth]
 17229 | D:15     | Reached XP level 14. HP: 50/88 MP: 15/15
 17349 | D:15     | Noticed a ghost moth
 17364 | D:15     | Killed a ghost moth
 17364 | D:15     | Reached skill level 5 in Shields
 17798 | D:15     | Got a scorched cloak
 17809 | D:15     | Identified the +0 cloak of Light {Int+4 Dex+7} (You found
                  | it on level 15 of the Dungeon)
 18199 | D:15     | Found a staircase to the Depths.
 18685 | Depths:1 | Entered Level 1 of the Depths
 18685 | Depths:1 | Noticed a red very ugly thing
 18685 | Depths:1 | Noticed a red very ugly thing
 18685 | Depths:1 | Noticed a red very ugly thing
 19085 | D:15     | Killed a purple very ugly thing
 19464 | Depths:1 | Reached skill level 5 in Axes
 19466 | Depths:1 | Demolished by a white very ugly thing

Vault maps used:
D:1:      dpeg_arrival_simpleton_b, minmay_distorted
D:2:      lemuel_round_altar, uniq_jessica
D:3:      first_ration, minmay_vboxes
D:4:      dancing_weapons_uskayaw, uniq_pikel, uniq_duvessa,
          uniq_crazy_yiuf_cottage, uniq_eustachio
D:5:      hangedman_ru_absence
D:6:      temple_hall
D:7:      chequers_decorated_corner
D:8:      minmay_the_grid_triangle_9x9_rhombus_thin, the_bakery, uniq_psyche
D:9:      minmay_lair_entry_grove, gammafunk_ghost_stat_death
D:10:     orc_0_dummy
D:12:     chequers_serial_rivers_micro_b, minivault_25_ag, uniq_sonja,
          uniq_rupert
D:13:     minmay_goldmine, uniq_frances
D:14:     david_vaults_5, serial_shops, shop
D:15:     grunt_enter_depths_hoard, minmay_misc_feat_tower
Temple:   regret_index_temple_chain_breaker
Orc:1:    serial_shops, shop_coins, david_defended_altar_orc, uniq_josephine
Depths:1: muffindrake_ghost_three_little_ghosts, serial_hangedman_research,
          hangedman_research_thanatology, hangedman_research_convocations,
          hangedman_research_metamorphosis, hangedman_research_pyrotechnics,
          hangedman_research_probablistics, abyss_entry,
          kennysheep_another_room, hell_entry

Skill      XL: |  1  2  3  4  5  6  7  8  9 10 11 12 13 14 |
---------------+-------------------------------------------+-----
Fighting       | 4 5 6 7 8 9 10 | 10.9
Dodging        | 2 3 4 |  4.6
Maces & Flails | 4 5 6 7 9 11 13 | 13.8
Armour         | 3 4 6 7 8 9 11 12 | 12.1
Staves         | 1 3 7 8 |  8.9
Stealth        | 1 2 3 4 |  4.1
Evocations     | 1 |  1.3
Shields        | 1 2 3 4 5 |  5.3
Polearms       | 3 5 |  5.9
Axes           | 1 5 |  5.2
Throwing       | |  0.1

Action                   |  1- 3 |  4- 6 |  7- 9 | 10-12 | 13-15 || total
-------------------------+-------+-------+-------+-------+-------++-------
Melee: Mace              |    71 |   192 |    16 |   240 |       ||   519
       Quarterstaff      |       |       |   239 |    26 |       ||   265
       Halberd           |       |       |       |   264 |       ||   264
       Great mace        |       |       |       |   259 |   297 ||   556
       Executioner's axe |       |       |       |       |   112 ||   112
Throw: Tomahawk          |       |       |       |     1 |       ||     1
Invok: Berserk           |     1 |     1 |     3 |    16 |     9 ||    30
       Trog's Hand       |       |       |       |     1 |     5 ||     6
       Brothers in Arms  |       |       |       |       |     5 ||     5
 Abil: Evoke Blink       |       |       |       |     2 |       ||     2
       Fly               |       |       |       |       |     1 ||     1
Evoke: Wand              |       |       |       |     5 |       ||     5
  Use: Scroll            |       |     2 |    10 |    11 |     7 ||    30
       Potion            |       |       |     3 |     1 |    19 ||    23
 Stab: Paralysed         |       |       |     3 |       |       ||     3
       Petrifying        |       |       |     1 |       |       ||     1
       Confused          |       |       |       |     1 |       ||     1
       Invisible         |       |       |       |       |     4 ||     4
  Eat: Chunk             |       |     4 |     6 |    14 |     7 ||    31
       Ration            |       |     1 |     2 |     9 |     6 ||    18
Armor: Animal skin       |    17 |       |       |       |       ||    17
       Leather armour    |     2 |     7 |       |       |       ||     9
       Chain mail        |       |    97 |   194 |   541 |       ||   832
       Ring mail         |       |    13 |       |       |       ||    13
       Plate armour      |       |       |       |   225 |   467 ||   692
Dodge: Dodged            |    66 |   107 |   109 |   475 |   277 ||  1034
Block: Buckler           |       |       |     2 |       |       ||     2
       Other             |       |       |       |   115 |    76 ||   191
       Reflection        |       |       |       |     2 |     1 ||     3

Table legend:
 A = Non-vault XP
 B = Vault XP
 C = Vault XP percentage of total XP
 D = Non-vault monster count
 E = Vault monster count
 F = Vault count percentage of total count
                 A         B        C        D         E       F
            +---------+---------+-------+---------+---------+-------
      Total |   50871 |   18679 |  26.9 |     326 |      73 |  18.3
            +---------+---------+-------+---------+---------+-------
        D:1 |      48 |       2 |   4.0 |      23 |       1 |   4.2
        D:2 |      40 |      37 |  48.1 |      16 |       1 |   5.9
        D:3 |      76 |      21 |  21.6 |      13 |       5 |  27.8
        D:4 |     363 |    1123 |  75.6 |       8 |       5 |  38.5
        D:5 |     524 |       0 |   0.0 |      11 |       0 |   0.0
        D:6 |     458 |       0 |   0.0 |      19 |       0 |   0.0
        D:7 |     890 |       0 |   0.0 |      23 |       0 |   0.0
        D:8 |    1175 |    3212 |  73.2 |      17 |      14 |  45.2
        D:9 |    3416 |    2736 |  44.5 |      33 |      17 |  34.0
       D:10 |     513 |    2133 |  80.6 |       9 |       6 |  40.0
       D:11 |    1984 |       0 |   0.0 |      17 |       0 |   0.0
       D:12 |    4948 |    3857 |  43.8 |      28 |       2 |   6.7
       D:13 |    5395 |    2237 |  29.3 |      33 |      12 |  26.7
       D:14 |   10660 |    2211 |  17.2 |      31 |       6 |  16.2
       D:15 |   16531 |     985 |   5.6 |      36 |       1 |   2.7
      Orc:1 |     182 |     125 |  40.7 |       4 |       3 |  42.9
   Depths:1 |    3668 |       0 |   0.0 |       5 |       0 |   0.0
            +---------+---------+-------+---------+---------+-------
